 Dungeon Crawl Stone Soup version 0.29.1-15-g9cfb28693d (webtiles) character file.

Game seed: 3266918269739560618

155 javelincjr the Magician (level 5, -7/35 HPs)
             Began as a Demonspawn Hedge Wizard on Mar 27, 2023.
             Killed by divine providence
             ... invoked by an orc priest
              (15 damage)
             ... on level 3 of the Dungeon.
             The game lasted 00:11:31 (4099 turns).

javelincjr the Magician (Demonspawn Hedge Wizard)   Turns: 4099, Time: 00:11:31

Health: -7/35      AC:  2    Str: 12    XL:     5   Next: 14%
Magic:  0/10       EV: 12    Int: 15    God:
Gold:   90         SH:  0    Dex: 13    Spells: 5/10 levels left

rFire   . . .      SeeInvis .   a - +0 dagger
rCold   . . .      Faith    .   (no shield)
rNeg    . . .      Spirit   .   b - +0 robe
rPois   .          Reflect  .   c - +0 hat
rElec   .          Harm     .   (no cloak)
rCorr   .          Rampage  .   (no gloves)
Will    .....                   (no boots)
Stlth   ++........              (no amulet)
HPRegen 0.11/turn               (no ring)
MPRegen 0.12/turn               (no ring)

@: on blink cooldown
A: sturdy frame 1
a: no special abilities


You were on level 3 of the Dungeon.
You visited 1 branch of the dungeon, and saw 3 of its levels.

You collected 90 gold pieces.

Inventory:

Hand Weapons
 a - a +0 dagger (weapon)
Missiles
 e - 4 poisoned darts
 f - 6 javelins
Armour
 b - a +0 robe (worn)
 c - a +0 hat (worn)
Wands
 n - a wand of digging (2)
Scrolls
 g - 2 scrolls of butterflies {unknown}
 h - a scroll of magic mapping {unknown}
 i - a scroll of identify {unknown}
 m - a scroll of teleportation {unknown}
 o - a scroll of torment {unknown}
Potions
 d - a potion of magic
 k - a potion of lignification {unknown}
 l - a potion of degeneration {unknown}


   Skills:
 + Level 2.4 Dodging
 + Level 2.7 Stealth
 + Level 3.4 Spellcasting
 + Level 2.2 Conjurations
 + Level 2.2 Summonings
 + Level 1.9 Translocations


You had 5 spell levels left.
You knew the following spells:

 Your Spells              Type           Power      Damage    Failure   Level
a - Magic Dart            Conj           36%        1d4       8%          1
b - Call Imp              Summ           9%         N/A       12%         2
c - Blink                 Tloc           16%        N/A       13%         2

Your spell library contained the following spells:

 Spells                   Type           Power      Damage    Failure   Level
 Summon Small Mammal      Summ           36%        N/A       8%          1
 Slow                     Hex            8%         N/A       19%         1
 Call Canine Familiar     Summ           9%         N/A       24%         3
 Conjure Flame            Conj/Fire      5%         6-21      36%         3
 Summon Guardian Golem    Hex/Summ       5%         N/A       36%         3
 Mephitic Cloud           Conj/Pois/Air  4%         N/A       38%         3


Dungeon Overview and Level Annotations

Branches:
Dungeon (3/15)

Altars:


Innate Abilities, Weirdness & Mutations

Your movements are slightly less encumbered by armour. (ER -2)


Message History

You're too confused to cast spells.
Something hits you.
The orc priest invokes the aid of Beogh against you.
Pain shoots through your body!
You're too confused to cast spells.
Unknown command.
You hear some strange, mumbled words.
A puff of flame appears from out of thin air!
The puff of flame hits you!
* * * LOW HITPOINT WARNING * * *
It was a potion of curing.
You feel better.
A magic dart appears from out of thin air!
The magic dart hits you.
* * * LOW HITPOINT WARNING * * *
Casting: Call Imp (safe; 12% risk of failure)
Confirm with . or Enter, or press ? or * to list all spells.
A beastly little devil appears in a puff of frigid air.
You swap places.
Your white imp gestures at the orc priest.
The puff of frost hits the orc priest.
The orc priest closely misses your white imp.
Casting: Call Imp (safe; 12% risk of failure)
Confirm with . or Enter, or press ? or * to list all spells.
You blink.
Something hits your white imp. What are your orders? t - Shout!
Orders for allies: a - Attack new target. r - Retreat! s - Stop attacking. g - Guard the area. f - Follow me.
Anything else - Cancel.
Gang up on whom?
Press: ? - help, Dir - move target, f - orc priest
Aim: an orc priest, wielding a +0 flail (moderately wounded) Attack!
Your white imp closely misses the orc priest.
You completely miss the orc priest.
The orc priest is moderately wounded.
The orc priest invokes the aid of Beogh against you.
Beogh smites you!
You die...

.... .. ...##### ..
......##. ....
#....... 5...
#......# ....
#......# o.#
####......# ...#
.......@l#####...#
........o........##.
........5.o.........
####................
#.......####.....
##....§..# .$..
#........# ...
+........# ..
#†.....###### .


You could see an orc priest (ally target), an orc, a frilled lizard and a
friendly white imp (summoned).

Vanquished Creatures
  Jessica (D:2)
  A gnoll (D:2)
  2 adders (D:2)
  A dart slug (D:1)
  4 bats
  6 endoplasms
  A giant cockroach (D:2)
  6 goblins
  6 hobgoblins
  3 jackals (D:2)
  3 kobolds (D:2)
  A quokka (D:1)
  3 ball pythons
  2 frilled lizards
  10 rats
50 creatures vanquished.

Vanquished Creatures (collateral kills)
  Robin (D:2)
  An adder (D:2)
  A gnoll (D:2)
  A worm (D:2)
  2 endoplasms
  4 goblins
  A hobgoblin (D:2)
  3 jackals (D:2)
  A kobold (D:1)
15 creatures vanquished.

Vanquished Creatures (others)
  4 plants (D:2)
  3 withered plants (D:2)
7 creatures vanquished.

Grand Total: 72 creatures vanquished

Notes
Turn   | Place    | Note
-------+----------+-------------------------------------------
     0 | D:1      | javelincjr the Demonspawn Hedge Wizard began the quest for
                  | the Orb.
     0 | D:1      | Reached XP level 1. HP: 13/13 MP: 4/4
    74 | D:1      | Reached skill level 1 in Translocations
   457 | D:1      | Gained mutation: Your movements are slightly less
                  | encumbered by armour. (ER -2) [demonic ancestry]
   457 | D:1      | Reached XP level 2. HP: 7/19 MP: 0/6
   657 | D:1      | Learned a level 2 spell: Call Imp
   660 | D:1      | Learned a level 2 spell: Blink
  1906 | D:2      | Reached XP level 3. HP: 23/24 MP: 0/7
  2025 | D:2      | Noticed Robin
  2813 | D:2      | Killed Robin
  2818 | D:2      | Reached XP level 4. HP: 30/30 MP: 3/8
  3289 | D:2      | Noticed Jessica
  3306 | D:2      | Killed Jessica
  3535 | D:2      | Reached XP level 5. HP: 25/35 MP: 3/10
  3807 | D:2      | Found a faded altar of an unknown god.
  4099 | D:3      | Killed from afar by an orc priest

Illustrated notes

Levels and vault maps discovered:
D:1:      dpeg_arrival_signposts, layout_rooms
D:2:      wander_river, layout_loops_cross,
          shapermc_ecumenical_altar_flowoftime, uniq_robin, uniq_jessica
D:3:      layout_basic, elyvilon_altar_3

Skill      XL: |  1  2  3  4 |
---------------+-------------+-----
Translocations | 1 |  1.9
Dodging        | 2 |  2.4
Stealth        | 2 |  2.7
Conjurations   | 2 |  2.2
Summonings     | 2 |  2.2
Spellcasting   | |  3.4

Action                   |  1- 3 |  4- 6 || total
-------------------------+-------+-------++-------
Melee: Dagger            |    79 |    64 ||   143
       Punch             |     2 |     1 ||     3
 Cast: Magic Dart        |    83 |    45 ||   128
       Call Imp          |     7 |    10 ||    17
       Blink             |       |     1 ||     1
  Use: Potion            |       |     1 ||     1
 Stab: Distracted        |       |     1 ||     1
Armor: Robe              |    12 |     8 ||    20
Dodge: Dodged            |    53 |    21 ||    74
